 Dungeon Crawl Stone Soup version 0.16-a0-4115-ga5ed934 (webtiles) character file.

135 McCoppin the Slasher (level 4, -3/35 HPs)
             Began as a Demonspawn Fighter on Mar 1, 2015.
             Killed by divine providence
             ... invoked by an orc priest
              (11 damage)
             ... on level 3 of the Dungeon.
             The game lasted 00:09:45 (2916 turns).

McCoppin the Slasher (Demonspawn Fighter)           Turns: 2916, Time: 00:09:46

Health: -3/35      AC:  7    Str: 17    XL:     4   Next: 97%
Magic:  0/4        EV:  7    Int:  9    God:
Gold:   144        SH:  8    Dex: 13    Spells: 0 memorised, 3 levels left

rFire  . . .     SeeInvis .     a - +0 long sword
rCold  . . .     Clarity  .     b - +0 scale mail
rNeg   . . .     SustAb   .     c - +0 shield
rPois  .         Gourm    .     q - +0 helmet
rElec  .         Spirit   +     (no cloak)
rCorr  .         Warding  .     (no gloves)
rMut   .         Stasis   .     (no boots)
MR     .....                    (no amulet)
Stlth  ..........               (no ring)
                                p - ring of loudness (curse)

@: not resistant to hostile enchantments, extremely unstealthy
A: talons 1, magic shield
a: no special abilities


You were on level 3 of the Dungeon.
You were not hungry.

You visited 1 branch of the dungeon, and saw 3 of its levels.

You collected 144 gold pieces.

Inventory:

Hand weapons
 a - a +0 long sword (weapon)
Armour
 b - a +0 scale mail (worn)
 c - a +0 shield (worn)
 q - a +0 helmet (worn)
Jewellery
 p - a cursed ring of loudness (left hand)
 A - a +4 ring of strength {unknown}
Magical devices
 u - a wand of frost (16)
Scrolls
 g - a scroll of random uselessness {unknown}
 h - 2 scrolls of identify {unknown}
 j - 2 scrolls of remove curse {unknown}
 l - 2 scrolls of magic mapping {unknown}
 o - a scroll of teleportation {unknown}
 r - a scroll of fear {unknown}
 y - a scroll of recharging {unknown}
Potions
 e - 2 potions of might
 i - a potion of degeneration {unknown}
 k - a potion of cure mutation {unknown}
 m - 2 potions of heal wounds {unknown}
 n - 2 potions of haste {unknown}
 s - a potion of ambrosia {unknown}
 t - a potion of restore abilities {unknown}
 v - 2 potions of invisibility {unknown}
 x - a potion of magic {unknown}
 B - a potion of curing
Comestibles
 d - 4 bread rations
 f - a beef jerky
 w - a meat ration
 z - a chunk of flesh


   Skills:
 - Level 3.0 Fighting
 + Level 4.5 Long Blades
 - Level 2.6 Armour
 - Level 1.0 Dodging
 - Level 2.6 Shields


You had 3 spell levels left.
You didn't know any spells.

Dungeon Overview and Level Annotations

Branches:
Dungeon (3/15)

Altars:
Ashenzari
Elyvilon
Makhleb
Ru
Sif Muna
Trog
Xom


Innate Abilities, Weirdness & Mutations

You have sharp toenails.
When hurt, damage is shared between your health and your magic reserves.


Message History

The orc hits you.
You barely miss the orc priest.
The orc priest is lightly wounded.
The orc hits you. The orc hits you but does no damage.
You block the orc's attack.
The orc priest prays to Beogh.
You feel troubled.
You closely miss the orc priest.
You claw the orc priest, but do no damage.
The orc priest is lightly wounded.
The orc hits you. x3
* * * LOW HITPOINT WARNING * * *
The orc priest hits you but does no damage.
The orc hits you but does no damage. The orc hits you but does no damage. x2
The orc hits you.
* * * LOW HITPOINT WARNING * * *
The orc priest calls down the wrath of Beogh upon you.
Something smites you!
You die...

##### ############
#.... #
#.@........####....
#.#oo.....(..........
#.#o)........####....
#..o######...........
#.#.####...######.)..
#....................
#...............)...)
...####..............[
...< #...........#.##


You could see an orc priest and 3 orcs.

Vanquished Creatures
  Jessica (D:2)
  3 adders (D:2)
  A giant mite (D:1)
  3 giant geckos
  An ooze (D:1)
  10 orcs (D:3)
  4 bats
  6 goblins
  12 hobgoblins
  2 jackals (D:1)
  7 kobolds
  3 quokkas (D:2)
  A ball python (D:1)
  2 giant cockroaches
  2 giant newts (D:1)
  8 rats
66 creatures vanquished.

Notes
Turn   | Place    | Note
--------------------------------------------------------------
     0 | D:1      | McCoppin, the Demonspawn Fighter, began the quest for the Orb.
     0 | D:1      | Reached XP level 1. HP: 18/18 MP: 1/1
   425 | D:1      | Gained mutation: When hurt, damage is shared between your health and your magic reserves. [demonic ancestry]
   425 | D:1      | Reached XP level 2. HP: 24/24 MP: 2/2
   741 | D:1      | Reached skill level 1 in Dodging
   879 | D:1      | Gained mutation: You have sharp toenails. [demonic ancestry]
   879 | D:1      | Reached XP level 3. HP: 29/29 MP: 3/3
  1814 | D:2      | Found a shattered altar of Ashenzari.
  1848 | D:2      | Reached XP level 4. HP: 31/35 MP: 4/4
  1911 | D:2      | Found a burning altar of Makhleb.
  1911 | D:2      | Found a shimmering altar of Xom.
  1912 | D:2      | Noticed Jessica
  1937 | D:2      | Killed Jessica
  1937 | D:2      | Reached skill level 4 in Long Blades
  2261 | D:2      | Found a deep blue altar of Sif Muna.
  2280 | D:2      | Found a white marble altar of Elyvilon.
  2486 | D:2      | Found a sacrificial altar of Ru.
  2612 | D:3      | Found a bloodstained altar of Trog.
  2916 | D:3      | Killed from afar by an orc priest

Action                   |  1- 3 |  4- 6 || total
-------------------------+-------+-------++-------
Melee: Long sword        |   151 |   112 ||   263
  Use: Potion            |     2 |       ||     2
  Eat: Chunk             |     3 |     1 ||     4
       Bread ration      |       |     1 ||     1
